 Dungeon Crawl Stone Soup version 0.18.1-48-g4cf74bf (webtiles) character file.

103 MistressOfTheDunes the Insei (level 4, 0/35 HPs)
             Began as a Mummy Monk on July 18, 2016.
             Slain by a hound (6 damage)
             ... on level 4 of the Dungeon.
             The game lasted 00:07:39 (3167 turns).

MistressOfTheDunes the Insei (Mummy Monk)           Turns: 3167, Time: 00:07:40

Health: 0/35       AC:  1    Str: 14    XL:     4   Next: 51%
Magic:  4/4        EV: 13    Int:  9    God:
Gold:   190        SH:  0    Dex: 15    Spells: 0 memorised, 3 levels left

rFire  x . .     SeeInvis .       - Unarmed
rCold  + . .     Gourm    .     (no armour)
rNeg   + + +     Faith    .     (no shield)
rPois  ∞         Spirit   .     (no helmet)
rElec  .         Dismiss  .     (no cloak)
rCorr  .         Reflect  .     (no gloves)
SustAt .         Harm     .     d - +0 pair of boots
MR     .....                    (no amulet)
Stlth  ++........               (no ring)
                                (no ring)

@: not resistant to hostile enchantments, unstealthy
A: no food or potions, fire vulnerability, cold resistance 1, negative energy
resistance 3, torment resistance, unbreathing
a: no special abilities


You were on level 4 of the Dungeon.
You were not hungry.

You visited 1 branch of the dungeon, and saw 4 of its levels.

You collected 190 gold pieces.


Innate Abilities, Weirdness & Mutations

You do not eat or drink.
Your flesh is vulnerable to fire.
You are immune to poison.
Your flesh is cold resistant.
You are immune to negative energy.
You are immune to unholy pain and torment.
You can survive without breathing.


   Skills:
 - Level 3.0 Fighting
 + Level 2.4 Dodging
 - Level 1.5 Stealth
 - Level 5.0 Unarmed Combat


You had 3 spell levels left.
You didn't know any spells.

Inventory:

Missiles
 c - 31 poisoned needles (quivered)
Armour
 a - a +0 shield of resistance {Dicku help me bear this burden}
 d - a +0 pair of boots (worn)
Scrolls
 b - 2 scrolls of remove curse
 e - a scroll of enchant armour {unknown}
 f - a scroll of blinking {unknown}
 g - a scroll of teleportation {unknown}
 h - 3 scrolls of recharging {unknown}
 i - 3 scrolls of enchant weapon {unknown}
 j - a scroll of immolation {unknown}

Dungeon Overview and Level Annotations

Branches:
Dungeon (4/15)
 Temple: D:4-7

Altars:
Ashenzari
Nemelex Xobeh

Annotations:
D:2 2 exclusions, Sigmund
D:3 exclusion: hound
D:4 exclusion: hound

........▒ ▒...▒▒.▒
▒▒▒▒....▒ ▒▒.▒▒▒▒.▒
▒▒▒▒▒▒▒▒ ▒.....[.▒
.o. ▒.....=.▒
▒o▒▒▒▒▒▒.......▒ ▒..
▒.....▒▒.......▒ ▒..
▒.....▒▒.......▒ ▒..
▒...o.▒▒.......▒ ▒.▒
▒....M▒▒▒....▒▒▒ ▒.▒
▒....h▒▒▒....▒▒▒▒▒.▒
▒..................▒
▒▒▒▒▒▒▒▒▒▒.....▒▒..▒
▒..............▒▒▒
▒%▒▒▒▒▒▒...▒......
▒.▒ ▒.....▒....▒▒
▒.▒ ▒.▒▒▒.▒....▒.
▒.▒ ▒.▒ ▒.▒....▒.


You could see a hound and 3 orcs.


Message History

You pulverise the hound but do no damage!
The hound is lightly wounded!
The hound bites you!
An orc comes into view! It is wielding a mace!
The orc shouts!!!
You squash the hound like an ant!
Your punch misses the hound!
The hound is lightly wounded!
The hound bites you! The hound closely misses you!
An orc comes into view! It is wielding a whip!
You are too injured to fight recklessly!!!
You are too injured to fight recklessly!!!
You are too injured to fight recklessly!!!
You are too injured to fight recklessly!!!
The orc shouts!!!
You squash the hound like an ant!
The hound is moderately wounded!
The hound bites you! * * * don't die
* * * You squash the hound like an ant!
The hound is heavily wounded!
The hound closely misses you!
You miss the hound!
The hound is heavily wounded!
The hound closely misses you! The hound barely misses you!
The orc hits you with a falchion of protection!!! * * * don't die
* * * You pummel the hound but do no damage!
The hound is heavily wounded!
The hound bites you! rip

Action                   |  1- 3 |  4- 6 || total
-------------------------+-------+-------++-------
Melee: Unarmed           |   122 |    27 ||   149
       Punch             |     3 |     1 ||     4
  Use: Scroll            |       |     1 ||     1
 Stab: Sleeping          |     7 |     1 ||     8
Armor: Skin              |     6 |       ||     6
Dodge: Dodged            |    78 |    15 ||    93

Vault maps used:
D:1:      ncdulo_watergridlock, minmay_statues_item, roderic_hopi_sauvastika,
          feat_on_display
D:2:      uniq_sigmund
D:3:      gammafunk_temple_overflow_elements, uniq_jessica
D:4:      minmay_temple_entry_statues_pillars, first_bread,
          uniq_crazy_yiuf_cottage

Notes
Turn   | Place    | Note
--------------------------------------------------------------
     0 | D:1      | MistressOfTheDunes the Mummy Monk began the quest for the Orb.
     0 | D:1      | Reached XP level 1. HP: 18/18 MP: 1/1
     6 | D:1      | WOAH
    18 | D:1      | Identified a +0 shield of resistance (You found it on level 1 of the Dungeon)
    18 | D:1      | YOOOOOOOOO
   526 | D:1      | Reached XP level 2. HP: 24/24 MP: 2/2
  1048 | D:2      | Reached skill level 4 in Unarmed Combat
  1213 | D:2      | Reached XP level 3. HP: 29/29 MP: 3/3
  1766 | D:2      | Noticed Sigmund
  2232 | D:3      | Found a shattered altar of Ashenzari.
  2232 | D:3      | Found a sparkling altar of Nemelex Xobeh.
  2401 | D:3      | Reached XP level 4. HP: 35/35 MP: 4/4
  2438 | D:3      | Noticed Jessica
  2441 | D:3      | Killed Jessica
  2783 | D:3      | Reached skill level 5 in Unarmed Combat
  3167 | D:4      | Slain by a hound

Vanquished Creatures
  Jessica (D:3)
  2 adders (D:2)
  An ooze (D:3)
  2 worms
  2 dart slugs
  A giant gecko (D:1)
  6 bats
  3 giant cockroaches
  5 goblins
  4 hobgoblins
  6 kobolds
  A quokka (D:3)
  2 ball pythons
  3 giant newts (D:1)
  5 rats
44 creatures vanquished.
